 Dungeon Crawl Stone Soup version 0.22-a0-79-g605b837 (webtiles) character file.

66 oplop the Chiller (level 4, -4/28 HPs)
             Began as an Octopode Ice Elementalist on Jan 17, 2018.
             Slain by a kobold
             ... wielding a +2 short sword of electrocution
              (24 damage)
             ... on level 2 of the Dungeon.
             The game lasted 00:02:06 (1593 turns).

oplop the Chiller (Octopode Ice Elementalist)       Turns: 1593, Time: 00:02:07

Health: -4/28      AC:  1    Str:  7    XL:     4   Next: 15%
Magic:  8/8        EV: 13    Int: 18    God:
Gold:   104        SH:  0    Dex: 12    Spells: 4/8 levels left

rFire    x . .     SeeInvis .   (no weapon)
rCold    + . .     Gourm    .   (no shield)
rNeg     . . .     Faith    .   (helmet restricted)
rPois    .         Spirit   .   h - amulet of harm
rElec    .         Reflect  .   k - ring of ice
rCorr    .         Harm     +   (no ring)
MR       .....                  (no ring)
Stlth    +++.......             (no ring)
HPRegen  0.09/turn              (no ring)
MPRegen  0.11/turn              (no ring)
                                (no ring)
                                (no ring)

@: no status effects
A: almost no armour, stealthy swim, amphibious, 8 rings, constrict 8, camouflage
1, gelatinous body 1
a: no special abilities


You were on level 2 of the Dungeon.
You were not hungry.

You visited 1 branch of the dungeon, and saw 2 of its levels.

You collected 104 gold pieces.

Inventory:

Jewellery
 h - an amulet of harm (around mantle)
 k - a ring of ice (left tentacle)
Scrolls
 c - 2 scrolls of remove curse {unknown}
 f - 2 scrolls of identify {unknown}
 i - a scroll of blinking {unknown}
 l - a scroll of magic mapping {unknown}
 m - a scroll of enchant armour {unknown}
 n - a scroll of fear {unknown}
Potions
 d - a potion of brilliance {unknown}
 e - a potion of curing {unknown}
 g - 2 potions of might {unknown}
 j - a potion of agility {unknown}
Books
 a - a book of Frost

   Spells                             Type                      Level
   a - Freeze                         Ice                          1
   b - Throw Frost                    Conjuration/Ice              2
   c - Ozocubu's Armour               Charms/Ice                   3
   d - Throw Icicle                   Conjuration/Ice              4
   e - Summon Ice Beast               Ice/Summoning                4
Comestibles
 b - 5 rations


   Skills:
 + Level 1.2 Fighting
 + Level 2.4 Dodging
 - Level 2.6 Stealth
 * Level 2.8 Spellcasting
   Level 1.0 Conjurations
 * Level 3.6 Ice Magic


You had 4 spell levels left.
You knew the following spells:

 Your Spells              Type           Power        Failure   Level  Hunger
a - Freeze                Ice            ###.         3%          1    None
b - Ozocubu's Armour      Chrm/Ice       ##......     24%         3    ###....


Dungeon Overview and Level Annotations

Branches:
Dungeon (2/15)

Altars:
Ashenzari


Innate Abilities, Weirdness & Mutations

You cannot wear most types of armour.
You are very stealthy in the water. (Stealth+)
You are amphibious.
You can wear up to eight rings at the same time.
You can use your tentacles to constrict eight enemies at once.
Your skin changes colour to match your surroundings (Stealth+).
Your rubbery body absorbs attacks. (AC +1, EV +1)


Message History

c - 2 scrolls labeled JISTRU JENGA (gained 1)
You open the door.
There is an open door here.
You open the door.
There is an open door here.
Key pressed, stopping explore.
No target in view!
You open the door.
Found an escape hatch in the ceiling.
Found a stone staircase leading down.
There is an open door here.
n - a scroll labeled VUWULI TAQIRIC HP restored.
A kobold comes into view.
It is wielding a short sword of electrocution.
A kobold is nearby!
Found 28 bolts.
The kobold shouts!
The kobold hits you with a short sword of electrocution!
You are electrocuted!
Ouch! That really hurt!
You die...

#.........##.#
###.##+##.###.
##....[....##..
##...###...
.'.........+ .#
.#._.#.....
##.........# #...###...
#.........#
#.#####.###.
#......>..#
###....#.#....##
#.........#
......##.##.....
#......<..######......#
#.....
#..............@.....#
##....
###############.K.(..#
#.... #......# #....
#........ #####
#########


You could see a kobold.

Vanquished Creatures
  3 adders (D:2)
  A worm (D:2)
  A dart slug (D:1)
  A leopard gecko (D:2)
  4 bats
  11 giant cockroaches
  A hobgoblin (D:1)
  2 kobolds (D:1)
  2 quokkas (D:2)
  2 frilled lizards
  4 rats
32 creatures vanquished.

Notes
Turn   | Place    | Note
-------+----------+-------------------------------------------
     0 | D:1      | oplop the Octopode Ice Elementalist began the quest for the Orb.
     0 | D:1      | Reached XP level 1. HP: 11/11 MP: 3/3
   529 | D:1      | Reached XP level 2. HP: 7/17 MP: 1/5
   910 | D:1      | Reached XP level 3. HP: 11/22 MP: 0/6
   954 | D:1      | Learned a level 3 spell: Ozocubu's Armour
  1068 | D:2      | Found a shattered altar of Ashenzari.
  1145 | D:2      | Reached skill level 1 in Fighting
  1292 | D:2      | Reached XP level 4. HP: 10/28 MP: 3/8
  1593 | D:2      | Slain by a kobold

Vault maps used:
D:1:      doesnt_arrival_eight_statues, due_unseen_surprise
D:2:      minmay_roachtagon, nicolae_ashenzari_panopticon, lemuel_another_geyser

Skill      XL: |  1  2  3 |
---------------+----------+-----
Fighting       | 1 |  1.2
Dodging        | |  2.4
Stealth        | |  2.6
Spellcasting   | |  2.8
Conjurations   | |  1.0
Ice Magic      | |  3.6

Action                   |  1- 3 |  4- 6 || total
-------------------------+-------+-------++-------
Melee: Unarmed           |    60 |    16 ||    76
       Constrict         |    18 |     5 ||    23
       Tentacles         |    13 |     3 ||    16
 Cast: Freeze            |    18 |     3 ||    21
       Ozocubu's Armour  |       |     1 ||     1
 Stab: Sleeping          |     4 |     1 ||     5
  Eat: Chunk             |     1 |     1 ||     2
Armor: Skin              |     9 |       ||     9
Dodge: Dodged            |    49 |    14 ||    63

Table legend:
 A = Spawn XP
 B = Non-spawn XP
 C = Spawn XP percentage of total XP
 D = Spawn monster count
 E = Non-spawn monster count
 F = Spawn count percentage of total count
 G = Total turns spent on level
                    A         B        C        D         E        F      G
               +---------+---------+-------+---------+---------+-------+---------
         Total |       0 |      95 |   0.0 |       0 |      32 |   0.0 |  1593
               +---------+---------+-------+---------+---------+-------+---------
           D:1 |       0 |      18 |   0.0 |       0 |      10 |   0.0 |   962
           D:2 |       0 |      77 |   0.0 |       0 |      22 |   0.0 |   631
               +---------+---------+-------+---------+---------+-------+---------
